 Dungeon Crawl Stone Soup version 0.29-a0-838-g385bb11a5b (webtiles) character file.

Game seed: 15745588889371571578

107 lesaewzxc the Charlatan (level 5, 0/31 HPs)
             Began as a Kobold Artificer on July 12, 2022.
             Succumbed to an adder's poison
             ... on level 4 of the Dungeon on July 13, 2022.
             The game lasted 00:08:46 (886 turns).

lesaewzxc the Charlatan (Kobold Artificer)           Turns: 886, Time: 00:08:46

Health: 0/31       AC:  3    Str:  9    XL:     5   Next: 11%
Magic:  5/5        EV: 15    Int: 13    God:
Gold:   51         SH:  0    Dex: 17    Spells: 4/4 levels left

rFire   . . .      SeeInvis .   a - +0 club
rCold   . . .      Faith    .   (no shield)
rNeg    . . .      Spirit   .   b - +0 leather armour
rPois   .          Reflect  .   (no helmet)
rElec   .          Harm     .   (no cloak)
rCorr   .          Rampage  .   (no gloves)
Will    .....                   (no boots)
Stlth   +++.......              (no amulet)
HPRegen 0.10/turn               (no ring)
MPRegen 0.09/turn               (no ring)

@: lethally poisoned (0 -> -3)
A: small, no large weapons, nightstalker 3
a: no special abilities


You were on level 4 of the Dungeon.
You visited 1 branch of the dungeon, and saw 4 of its levels.

You collected 51 gold pieces.

Inventory:

Hand Weapons
 a - a +0 club (weapon)
Armour
 b - a +0 leather armour (worn)
Wands
 c - a wand of flame (1) (quivered)
 d - a wand of charming (13)
 e - a wand of iceblast (5)
Potions
 i - 2 potions of flight


   Skills:
 + Level 2.3 Fighting
 + Level 1.6 Armour
 + Level 3.4 Dodging
 + Level 3.0 Stealth
 + Level 4.3 Evocations


You had 4 spell levels left.
You didn't know any spells.
Your spell library contained the following spells:

 Spells                   Type           Power      Damage    Failure   Level
 Animate Dead             Necr           0%         N/A       99%         4
 Haunt                    Necr/Summ      0%         N/A       100%        7
 Infestation              Necr           0%         N/A       100%        8


Dungeon Overview and Level Annotations

Branches:
Dungeon (4/15)
 Temple: D:4-7

Altars:


Innate Abilities, Weirdness & Mutations

You are small and have problems with some larger weapons.
You are completely attuned to the shadows.


Message History

You barely miss the giant cockroach. The giant cockroach misses you.
You hit the giant cockroach.
The giant cockroach is moderately wounded.
The giant cockroach closely misses you. x2
You hit the giant cockroach.
The giant cockroach is almost dead.
The giant cockroach misses you.
You hit the giant cockroach.
You kill the giant cockroach!
Your Stealth skill increases to level 3!
You have reached level 5!
You feel clever.
You see here a giant cockroach corpse.
You see here a +0 kite shield.
Found a stone staircase leading down.
An adder comes into view.
The adder barely misses you. The adder bites you.
You are poisoned.
The adder poisons you!
You barely miss the adder.
You feel sick. The adder bites you.
* * * LOW HITPOINT WARNING * * *
You are lethally poisoned!
The adder poisons you!
Aiming: Throw Flame
Press: ? - help, Q - select action, (/) - cycle Shift-Dir - straight line, f - adder
Aim: an adder (57% to hit)
The puff of flame hits the adder!
The adder is almost dead.
* * * LOW HITPOINT WARNING * * *
You feel sick. The adder closely misses you. The adder barely misses you.
You hit the adder.
You kill the adder!
* * * LOW HITPOINT WARNING * * *
You feel very sick.
* * * LOW HITPOINT WARNING * * *
You feel sick.
Okay, then.
* * * LOW HITPOINT WARNING * * *
You feel sick.
You die...

≈≈.≈≈§ .≈≈.≈≈
§.##...## ..
§.#.†.#.. .... .
§..>..... .... ....##
....@####............
......####.......#...
......#.#.......##...
...##....[.......##..
#.. ##....†........#.
## #.............##.
#.................
###...............
#.....#....<....


There were no monsters in sight!

Vanquished Creatures
  An orc wizard (D:4)
  2 adders (D:4)
  2 worms
  2 orcs (D:4)
  2 endoplasms
  3 giant cockroaches
  A goblin (D:3)
  5 hobgoblins
  A ball python (D:3)
  2 bats (D:1)
  A frilled lizard (D:3)
  A kobold (D:3)
  A rat (D:3)
24 creatures vanquished.

Vanquished Creatures (collateral kills)
  A hound (D:4)
  A worm (D:4)
  An orc (D:3)
  An endoplasm (D:3)
4 creatures vanquished.

Vanquished Creatures (others)
  A hound (D:4)
1 creature vanquished.

Grand Total: 29 creatures vanquished

Notes
Turn   | Place    | Note
-------+----------+-------------------------------------------
     0 | D:1      | lesaewzxc the Kobold Artificer began the quest for the Orb.
     0 | D:1      | Reached XP level 1. HP: 12/12 MP: 1/1
   333 | D:2      | Reached XP level 2. HP: 16/16 MP: 2/2
   360 | D:3      | Reached skill level 1 in Armour
   420 | D:3      | Upgraded the game from 0.29-a0-834-g1e95ca9f62 to
                  | 0.29-a0-838-g385bb11a5b
   632 | D:3      | Reached XP level 3. HP: 20/20 MP: 3/3
   804 | D:4      | Reached skill level 4 in Evocations
   804 | D:4      | Reached XP level 4. HP: 13/26 MP: 4/4
   869 | D:4      | Reached XP level 5. HP: 14/30 MP: 5/5
   885 | D:4      | HP: 1/31 [poisoned by an adder]
   886 | D:4      | Succumbed to an adder's poison

Illustrated notes

Levels and vault maps discovered:
D:1:      eino_arrival_cavern_a, layout_basic,
          shapermc_ecumenical_altar_mp_highgroup
D:2:      layout_rooms, basic_altar, serial_shops, nicolae_shop_statue_plus,
          dk_noncrumbling_3, grunt_ministairs_5
D:3:      layout_loops_ring
D:4:      layout_cave_pools, xom_confusion_cloud, marbit_many_paths,
          mainiacjoe_overflow_brackets, minmay_temple_entry_mist,
          dreamdust_princess_bridge

Skill      XL: |  1  2  3  4 |
---------------+-------------+-----
Armour         | 1 |  1.6
Stealth        | 2 3 |  3.0
Dodging        | 3 |  3.4
Evocations     | 4 |  4.3
Fighting       | 2 |  2.3

Action                   |  1- 3 |  4- 6 || total
-------------------------+-------+-------++-------
Melee: Club              |    68 |    30 ||    98
       Punch             |     2 |       ||     2
Evoke: Wand              |    16 |     4 ||    20
  Use: Scroll            |     4 |       ||     4
       Potion            |     1 |       ||     1
 Stab: Sleeping          |     4 |       ||     4
       Invisible         |       |     3 ||     3
Armor: Leather armour    |    19 |     2 ||    21
Dodge: Dodged            |    71 |    31 ||   102

Table legend: (Time is in decaauts)
 A = Elapsed time spent in this place.
 B = Non-inter-level travel time spent in this place.
 C = Inter-level travel time spent in this place.
 D = Time resting spent in this place.
 E = Time spent auto-exploring this place.
 F = Levels seen in this place.
 G = Mean time per level.
                   A        B        C        D        E       F      G
               +--------+--------+--------+--------+--------+-----+--------+
         Total |    915 |    782 |    133 |      0 |    264 |   4 |  228.8 |
       Dungeon |    915 |    782 |    133 |      0 |    264 |   4 |  228.8 |
               +--------+--------+--------+--------+--------+-----+--------+

Top non-repeatable levels by time:
     D:3: 457 daAuts
     D:1: 304 daAuts
     D:4: 97 daAuts
     D:2: 56 daAuts
